 Dungeon Crawl Stone Soup version bcrawl-1.14.2-1-gc900083943 (webtiles) character file.

Game seed: 4051010888753252733

395 Chiseanne the Bolt Thrower (level 6, -2/39 HPs)
             Began as an Octopode Archaeologist on Sept 21, 2019.
             Slain by an orc wizard
             ... wielding a +0 dagger
              (3 damage)
             ... on level 5 of the Dungeon.
             The game lasted 00:06:46 (3238 turns).

Chiseanne the Bolt Thrower (Octopode Archaeologist) Turns: 3238, Time: 00:06:46

Health: -2/39      AC:  2    Str: 11    XL:     6   Next: 82%
Magic:  6/6        EV: 14    Int: 16    God:
Gold:   229        SH:  0    Dex: 12    Spells: 5/5 levels left

rFire    . . .     SeeInvis .   a - +3 dire flail
rCold    . . .     Gourm    .   (shield currently unavailable)
rNeg     . . .     Faith    .   b - +1 hat
rPois    .         Spirit   .   (cloak restricted)
rElec    .         Reflect  .   (no amulet)
rCorr    .         Harm     .   (no ring)
MR       .....                  (no ring)
Stlth    ++++......             (no ring)
HPRegen  0.13/turn              (no ring)
MPRegen  0.10/turn              (no ring)
                                (no ring)
                                (no ring)
                                (no ring)

@: lightly drained, invisible
A: almost no armour, stealthy swim, amphibious, 8 rings, constrict 8, camouflage
1, gelatinous body 1
a: no special abilities


You were on level 5 of the Dungeon.
You were very hungry.

You visited 1 branch of the dungeon, and saw 5 of its levels.

You collected 229 gold pieces.

Inventory:

Hand Weapons
 a - a +3 dire flail (weapon)
 w - the +6 Scorpio {venom, beckon}

   It poisons the ammo it fires.
Missiles
 d - 56 javelins (quivered)
 h - 875 arrows
 r - 353 sling bullets
Armour
 b - a +1 hat (worn)
 m - a +0 buckler
Magical Staves
 p - an uncursed staff of death {unknown}
Jewellery
 s - an uncursed ring of ice
Wands
 u - a wand of polymorph (8)
Scrolls
 e - 2 scrolls of amnesia
 g - 2 scrolls of blinking
 n - 2 scrolls of teleportation
 q - a scroll of immolation {unknown}
 y - a scroll of fog {unknown}
Potions
 l - a potion of brilliance
 v - a potion of mutation
Comestibles
 f - 8 rations {!d}


   Skills:
 * Level 1.9(1.6) Fighting
 * Level 1.1(0.8) Maces & Flails
 - Level 7.7(7.4) Crossbows
 * Level 3.4(3.1) Dodging
 - Level 5.0(4.6) Stealth


You had 5 spell levels left.
You didn't know any spells.
Your spell library was empty.

Dungeon Overview and Level Annotations

Branches:
Dungeon (5/12)
 Temple: D:4-7

Altars:

Annotations:
D:3 1 runed door, Terence


Innate Abilities, Weirdness & Mutations

You cannot wear most types of armour.
You are very stealthy in the water. (Stealth+)
You are amphibious.
You can wear up to eight rings at the same time.
You can use your tentacles to constrict eight enemies at once.
Your skin changes colour to match your surroundings (Stealth+).
Your rubbery body absorbs attacks. (AC +1, EV +1)


Message History

Evoke which item? (* to show all) (? for menu, Esc to quit)
Okay, then.
You puncture something! Something hits you.
* * * LOW HITPOINT WARNING * * *
You closely miss something. You squeeze something.
You hear some strange, mumbled words.
A puff of flame appears from out of thin air!
The puff of flame misses you.
You closely miss something. Your squeeze misses something.
You hear some strange, mumbled words.
A magic dart appears from out of thin air!
The magic dart hits you!
* * * LOW HITPOINT WARNING * * *
You miss something. Your squeeze misses something.
Something hits you but does no damage. Something hits you.
* * * LOW HITPOINT WARNING * * *
It was a potion of invisibility.
You fade into invisibility!
Something hits you.
You die...

# ≈.. #. ... ..
#.# .... #.. #.##
..... #. #.###..#
#..... #...
#..#...## #s...
....##
#......##{r#
......##.......@#
#[........#....##
...............#
...........###..#
..........## ##.#
........### .##
........## ..#
.........## #.##
...[......##
#....


You could see a giant cockroach and a rat.

Vanquished Creatures
  4 wights (D:4)
  A howler monkey (D:4)
  A bullfrog skeleton (D:4)
  2 worker ants (D:4)
  A hound skeleton (D:4)
  A worker ant zombie (D:5)
  An adder (D:4)
  An ooze (D:2)
  An adder skeleton (D:4)
  A dart slug (D:2)
  A worm (D:2)
  7 leopard geckos
  6 orcs
  2 ball pythons
  8 bats
  A giant cockroach (D:3)
  5 goblins
  3 hobgoblins
  4 jackals (D:4)
  3 quokkas (D:2)
  4 frilled lizards
  6 kobolds
  9 rats
73 creatures vanquished.

Notes
Turn   | Place    | Note
-------+----------+-------------------------------------------
     0 | D:1      | Chiseanne the Octopode Archaeologist began the quest for
                  | the Orb.
     0 | D:1      | Reached XP level 1. HP: 13/13 MP: 1/1
   244 | D:1      | Reached XP level 2. HP: 16/18 MP: 2/2
   785 | D:2      | Reached skill level 5 in Stealth
   806 | D:2      | Reached XP level 3. HP: 24/24 MP: 3/3
   841 | D:2      | Reached skill level 1 in Crossbows
  1127 | D:2      | Reached skill level 2 in Crossbows
  1431 | D:3      | Noticed Terence
  1475 | D:3      | Reached skill level 3 in Crossbows
  1552 | D:3      | Reached XP level 4. HP: 29/29 MP: 4/4
  1909 | D:3      | Found a runed door.
  2021 | D:4      | Reached skill level 4 in Crossbows
  2121 | D:4      | Reached skill level 5 in Crossbows
  2121 | D:4      | Reached XP level 5. HP: 34/34 MP: 5/5
  2187 | D:4      | Reached skill level 6 in Crossbows
  2251 | D:4      | Reached skill level 7 in Crossbows
  2251 | D:4      | Reached XP level 6. HP: 30/39 MP: 6/6
  2957 | D:5      | Entered Level 5 of the Dungeon
  3237 | D:5      | HP: 1/39 [something (2)]
  3238 | D:5      | Slain by an orc wizard

Skill      XL: |  1  2  3  4  5 |
---------------+----------------+-----
Stealth        | 5 |  5.0
Crossbows      | 3 5 7 |  7.7
Fighting       | |  1.9
Maces & Flails | |  1.1
Dodging        | |  3.4

Action                   |  1- 3 |  4- 6 || total
-------------------------+-------+-------++-------
Melee: Whip              |    86 |    54 ||   140
       Constrict         |    20 |    20 ||    40
       Tentacles         |    10 |    16 ||    26
       Dire flail        |       |    42 ||    42
  Use: Scroll            |     3 |     8 ||    11
       Potion            |       |     2 ||     2
 Stab: Sleeping          |    16 |    11 ||    27
  Eat: Chunk             |     2 |     4 ||     6
Armor: Skin              |    13 |     7 ||    20
Dodge: Dodged            |    53 |    66 ||   119
